 Dungeon Crawl Stone Soup version 0.27-b1-41-gafb5482f4b (webtiles) character file.

Game seed: 8792109886941118023

351 Urokeeper the Cutter (level 6, -8/57 HPs)
             Began as a Troll Brigand on July 28, 2021.
             Splashed by a jelly's acid (9 damage)
             ... on level 4 of the Dungeon.
             The game lasted 00:12:10 (2291 turns).

Urokeeper the Cutter (Troll Brigand)                Turns: 2291, Time: 00:12:12

Health: -8/57      AC: -11   Str: 20    XL:     6   Next: 34%
Magic:  5/5        EV: 10    Int: 13    God:
Gold:   28         SH:  0    Dex: 13    Spells: 5/5 levels left

rFire    . . .     SeeInvis .   r - +0 rapier
rCold    . . .     Faith    .   (no shield)
rNeg     . . .     Spirit   .   b - +0 robe
rPois    .         Reflect  .   (helmet restricted)
rElec    .         Harm     .   c - +0 cloak
rCorr    .         Rampage  .   (gloves unavailable)
Will     .....                  (boots unavailable)
Stlth    ++........             (no amulet)
HPRegen  1.19/turn              t - +6 ring of intelligence
MPRegen  0.09/turn              (no ring)

@: corroded
A: large, unfitting armour, claws 3, regeneration 1, shaggy fur 1, tough skin 1
a: no special abilities


You were on level 4 of the Dungeon.
You visited 1 branch of the dungeon, and saw 4 of its levels.

You collected 28 gold pieces.

Inventory:

Hand Weapons
 a - a +2 dagger
 e - a +0 scythe
 r - a +0 rapier (weapon)
 y - a +2 whip of freezing
Missiles
 d - 18 poisoned darts (quivered)
 o - 51 bolts
 w - 2 curare-tipped darts
Armour
 b - a +0 robe (worn)
 c - a +0 cloak (worn)
 v - a +0 robe
Jewellery
 t - a +6 ring of intelligence (left claw)
Wands
 x - a wand of polymorph (12)
Scrolls
 f - a scroll of identify {unknown}
 i - a scroll of acquirement {unknown}
 j - a scroll of vulnerability {unknown}
 k - 2 scrolls of teleportation {unknown}
 m - a scroll of amnesia {unknown}
 n - a scroll of blinking {unknown}
 p - a scroll of enchant weapon {unknown}
 s - a scroll of noise {unknown}
 u - a scroll of fear {unknown}
 A - a scroll of enchant armour {unknown}
Potions
 g - 4 potions of flight {unknown}
 h - 2 potions of curing {unknown}
 l - a potion of haste {unknown}
 q - a potion of brilliance {unknown}
 z - a potion of ambrosia {unknown}


   Skills:
 + Level 2.2 Fighting
 + Level 3.3 Short Blades
 + Level 2.9 Throwing
 + Level 2.1 Dodging
 + Level 3.0 Stealth


You had 5 spell levels left.
You didn't know any spells.
Your spell library contained the following spells:

 Spells                   Type           Power      Damage    Failure   Level
 Sting                    Tmut/Pois      0%         1d3       30%         1
 Passwall                 Tmut/Erth      0%         N/A       43%         2
 Poisonous Vapours        Pois/Air       0%         N/A       43%         2
 Dazzling Flash           Conj/Hex       0%         N/A       67%         3
 Swiftness                Air            0%         N/A       67%         3
 Olgreb's Toxic Radiance  Pois           0%         N/A       97%         4
 Agony                    Necr           0%         N/A       100%        5
 Silence                  Hex/Air        0%         N/A       100%        5
 Invisibility             Hex            0%         N/A       100%        6


Dungeon Overview and Level Annotations

Branches:
Dungeon (4/15)
 Temple: D:4-7

Altars:
Fedhas
Makhleb
Vehumet

Shops:
D:4 (


Innate Abilities, Weirdness & Mutations

You are too large for most types of armour.
You have claws for hands.
Your natural rate of healing is unusually fast.
You are covered in fur. (AC +1)
You have tough skin. (AC +1)


Message History

The ufetubus hits you but does no damage.
The ufetubus hits you.
The ufetubus hits you but does no damage. x2
You closely miss the ufetubus. The ufetubus closely misses you.
The ufetubus hits you.
You closely miss the ufetubus.
The ufetubus hits you but does no damage.
The ufetubus hits you. The ufetubus barely misses you.
The ufetubus completely misses you.
You hit the ufetubus.
The ufetubus is heavily wounded.
The ufetubus hits you.
The ufetubus hits you but does no damage.
You closely miss the ufetubus.
The ufetubus is heavily wounded.
The ufetubus hits you but does no damage.
The ufetubus barely misses you. The ufetubus hits you. x2
You puncture the ufetubus!
You kill the ufetubus!
You hit the jelly. The acid corrodes you!
Your claws burn!
The jelly is lightly wounded.
The jelly hits you. The acid corrodes you!
You are splashed with acid.
You puncture the jelly!
Your claws burn!
The jelly is severely wounded.
The jelly hits you. The acid corrodes you!
You are splashed with acid!
* * * LOW HITPOINT WARNING * * *
You hit the jelly but do no damage. The acid corrodes you!
Your claws burn!
* * * LOW HITPOINT WARNING * * *
The jelly is severely wounded.
The jelly hits you.
* * * LOW HITPOINT WARNING * * *
You are splashed with acid.
* * * LOW HITPOINT WARNING * * *
You hit the jelly but do no damage. The acid corrodes you!
Your claws burn!
* * * LOW HITPOINT WARNING * * *
The jelly is severely wounded.
The jelly hits you.
* * * LOW HITPOINT WARNING * * *
You are splashed with acid!
You die...

............ ..#
#......#.###..##Z
#................
#......#<........
#......#..#...Z..
###.##..........8
#Z####.<...#..
#J# #......8..
#@# #.......^.
#.# ##..!8...∩
#.. #........
###. #.....<.. ..
.........
##........8


You could see a jelly and a quokka skeleton.

Vanquished Creatures
  Sigmund (D:3)
  A crimson imp (D:3)
  An orc priest (D:3)
  4 adders
  2 ufetubi (D:4)
  A worm (D:2)
  2 dart slugs
  10 orcs (D:3)
  10 ball pythons
  5 endoplasms
  5 giant cockroaches
  2 goblins
  3 hobgoblins
  6 jackals
  4 kobolds
  5 quokkas
  3 bats
  2 frilled lizards
  5 rats
72 creatures vanquished.

Notes
Turn   | Place    | Note
-------+----------+-------------------------------------------
     0 | D:1      | Urokeeper the Troll Brigand began the quest for the Orb.
     0 | D:1      | Reached XP level 1. HP: 19/19 MP: 0/0
   124 | D:1      | Reached XP level 2. HP: 27/27 MP: 1/1
   388 | D:1      | Found a faded altar of an unknown god.
   684 | D:1      | Reached skill level 1 in Dodging
   750 | D:1      | Reached XP level 3. HP: 35/35 MP: 2/2
  1576 | D:2      | Reached XP level 4. HP: 42/42 MP: 3/3
  1623 | D:3      | Noticed Sigmund
  1629 | D:3      | Killed Sigmund
  1630 | D:3      | Reached XP level 5. HP: 46/49 MP: 4/4
  1821 | D:3      | Reached XP level 6. HP: 54/57 MP: 5/5
  1936 | D:3      | Found a blossoming altar of Fedhas.
  2204 | D:3      | Found a burning altar of Makhleb.
  2205 | D:3      | Found a radiant altar of Vehumet.
  2256 | D:4      | Found Ysithribb's Weapon Shoppe.
  2291 | D:4      | HP: 1/57 [jelly (3)]
  2291 | D:4      | Splashed by a jelly's acid

Illustrated notes

Levels and vault maps discovered:
D:1:      dpeg_arrival_fog, layout_basic,
          hellmonk_ecumenical_altar_inner_sanctum, minivault_24,
          wad_floor_pattern_untrapped
D:2:      layout_loops_ring, kennysheep_big_empty_room
D:3:      layout_basic, grunt_temple_overflow_lords_of_destruction,
          fedhas_altar_4, uniq_sigmund
D:4:      layout_loops_cross, ebering_ghost_sewer_f, serial_shops,
          nicolae_stop_n_shop_1, nicolae_shop_trees, shop, kennysheep_mini_moat

Skill      XL: |  1  2  3  4  5 |
---------------+----------------+-----
Throwing       | 2 |  2.9
Dodging        | 1 2 |  2.1
Short Blades   | 2 3 |  3.3
Fighting       | 2 |  2.2
Stealth        | 3 |  3.0

Action                   |  1- 3 |  4- 6 || total
-------------------------+-------+-------++-------
Melee: Dagger            |   113 |       ||   113
       Rapier            |    24 |   103 ||   127
Throw: Boomerang         |    19 |       ||    19
       Dart              |     1 |     3 ||     4
 Stab: Sleeping          |     6 |     2 ||     8
Armor: Robe              |    57 |    66 ||   123
Dodge: Dodged            |    60 |    68 ||   128
